 Dungeon Crawl Stone Soup version 0.24-a0-309-g1095bcad4c (webtiles) character file.

Game seed: 13454021185085191792

218 CptnHaddock the Chucker (level 5, -1/50 HPs)
             Began as a Troll Hunter on May 14, 2019.
             Slain by a wyvern zombie (10 damage)
             ... on level 4 of the Dungeon.
             The game lasted 00:04:48 (2418 turns).

CptnHaddock the Chucker (Troll Hunter)              Turns: 2418, Time: 00:04:48

Health: -1/50      AC:  6    Str: 21    XL:     5   Next: 63%
Magic:  4/4        EV: 10    Int:  7    God:
Gold:   167        SH:  0    Dex: 10    Spells: 4/4 levels left

rFire    . . .     SeeInvis .     - Unarmed
rCold    . . .     Gourm    +   (no shield)
rNeg     . . .     Faith    .   b - +0 robe
rPois    .         Spirit   .   (helmet restricted)
rElec    .         Reflect  .   (no cloak)
rCorr    .         Harm     .   (gloves unavailable)
MR       .....                  (boots unavailable)
Stlth    +.........             (no amulet)
HPRegen  0.56/turn              (no ring)
MPRegen  0.09/turn              (no ring)

@: starving
A: large, unfitting armour, claws 3, fast metabolism 3, gourmand, regeneration
1, shaggy fur 1, tough skin 3
a: no special abilities


You were on level 4 of the Dungeon.
You were starving.

You visited 1 branch of the dungeon, and saw 4 of its levels.

You collected 167 gold pieces.

Inventory:

Missiles
 a - 81 stones (quivered)
 c - 5 large rocks
 d - 2 throwing nets
 p - 13 poisoned darts
Armour
 b - a +0 robe (worn)
Jewellery
 m - an uncursed ring of resist corrosion {unknown}
Scrolls
 h - 4 scrolls of teleportation {unknown}
 n - 2 scrolls of fear {unknown}
 o - 2 scrolls of enchant armour {unknown}
 q - 4 scrolls of remove curse {unknown}
 s - a scroll of identify {unknown}
 t - 2 scrolls of amnesia {unknown}
Potions
 e - a potion of curing {unknown}
 g - a potion of brilliance {unknown}
 i - a potion of might {unknown}
 j - a potion of agility {unknown}
 k - a potion of haste {unknown}
 l - a potion of degeneration {unknown}
 r - 2 potions of heal wounds {unknown}
Comestibles
 f - 5 rations


   Skills:
 + Level 2.7 Fighting
 * Level 5.1 Throwing
 - Level 1.5 Dodging
 - Level 0.3 Stealth
 + Level 2.5 Unarmed Combat


You had 4 spell levels left.
You didn't know any spells.
Your spell library was empty.

Dungeon Overview and Level Annotations

Branches:
Dungeon (4/15)
 Temple: D:4-7

Altars:
Cheibriados
Qazlal
Ru
Sif Muna
Uskayaw
Yredelemnul

Annotations:
D:3 exclusion: door


Innate Abilities, Weirdness & Mutations

You are too large for most types of armour.
You have claws for hands.
Your metabolism is lightning-fast.
You like to eat raw meat.
Your natural rate of healing is unusually fast.
You are covered in fur. (AC +1)
You have extremely tough skin. (AC +3)


Message History

You scratch the wyvern zombie but do no damage.
The wyvern zombie is heavily damaged.
The wyvern zombie bites you but does no damage.
You barely miss the wyvern zombie.
The wyvern zombie is heavily damaged.
You are starving!
The wyvern zombie bites you.
You claw the wyvern zombie!
The wyvern zombie is severely damaged.
The wyvern zombie bites you.
* * * LOW HITPOINT WARNING * * *
You scratch the wyvern zombie.
The wyvern zombie is severely damaged.
The wyvern zombie bites you!
* * * LOW HITPOINT WARNING * * *
The wyvern zombie closely misses you.
Okay, then.
Okay, then.
The wyvern zombie bites you!
You die...

#. ##### #..
...##### #..#
#......# ...
#..###.#########
...
#...#.........<#
#.#
#..#..#########
#.##.##.Z@..#
#.......##..#
##.##.####.....
#... ..#####
#########


You could see a wyvern zombie.

Vanquished Creatures
  Natasha (thrice) (D:2)
  Robin (D:2)
  3 adders
  2 oozes
  A worm (D:3)
  2 dart slugs (D:1)
  4 leopard geckos
  7 bats
  A giant cockroach (D:1)
  20 goblins
  9 hobgoblins
  5 jackals
  2 quokkas (D:2)
  4 frilled lizards (D:1)
  2 gnoll zombies (D:2)
  7 kobolds
  11 rats
84 creatures vanquished.

Notes
Turn   | Place    | Note
-------+----------+-------------------------------------------
     0 | D:1      | CptnHaddock the Troll Hunter began the quest for the Orb.
     0 | D:1      | Reached XP level 1. HP: 19/19 MP: 0/0
   114 | D:1      | Reached XP level 2. HP: 23/28 MP: 1/1
   203 | D:1      | Reached skill level 4 in Throwing
   222 | D:1      | Reached skill level 1 in Unarmed Combat
   349 | D:1      | Reached XP level 3. HP: 35/35 MP: 2/2
   803 | D:2      | Found a sacrificial altar of Ru.
   902 | D:2      | Found a snail-covered altar of Cheibriados.
   905 | D:2      | Noticed Natasha
   911 | D:2      | Killed Natasha
   911 | D:2      | Reached XP level 4. HP: 30/42 MP: 3/3
   966 | D:2      | Noticed Robin
   985 | D:2      | Killed Robin
  1270 | D:2      | Found a basalt altar of Yredelemnul.
  1433 | D:2      | Reached XP level 5. HP: 47/50 MP: 4/4
  1533 | D:2      | Noticed Natasha
  1553 | D:2      | Killed Natasha
  1607 | D:2      | Noticed Natasha
  1632 | D:2      | Killed Natasha
  1632 | D:2      | Reached skill level 5 in Throwing
  1864 | D:3      | Found a hide-covered altar of Uskayaw.
  2053 | D:3      | Found a deep blue altar of Sif Muna.
  2233 | D:3      | Found a stormy altar of Qazlal.
  2418 | D:4      | Slain by a wyvern zombie

Levels and vault maps discovered:
D:1:      wander_arrival_estate, layout_basic, minmay_hexomino_f4
D:2:      layout_loops_ring, cheibriados_altar_1,
          nicolae_ru_sacrificial_ziggurat, lemuel_zombie_altar_yredelemnul,
          uniq_robin, uniq_natasha
D:3:      layout_loops_cross, nicolae_qazlal_eye_of_the_storm, led_sif_book,
          lemuel_tele_altar
D:4:      layout_basic, okawaru_trees_2, gammafunk_ghost_necromancy,
          minmay_misc_feat_square

Skill      XL: |  1  2  3  4  5 |
---------------+----------------+-----
Throwing       | 4 5 |  5.1
Unarmed Combat | 1 2 |  2.5
Fighting       | 2 |  2.7
Dodging        | |  1.5
Stealth        | |  0.3

Action                   |  1- 3 |  4- 6 || total
-------------------------+-------+-------++-------
Melee: Unarmed           |   118 |   148 ||   266
Throw: Stone             |     2 |    23 ||    25
 Stab: Sleeping          |     2 |     1 ||     3
       Distracted        |     1 |       ||     1
  Eat: Chunk             |     3 |    11 ||    14
       Ration            |     1 |       ||     1
Armor: Robe              |    35 |    52 ||    87
Dodge: Dodged            |    50 |    90 ||   140

Table legend:
 A = Non-vault XP
 B = Vault XP
 C = Vault XP percentage of total XP
 D = Non-vault monster count
 E = Vault monster count
 F = Vault count percentage of total count
                 A         B        C        D         E       F
            +---------+---------+-------+---------+---------+-------
      Total |     228 |      84 |  26.9 |      65 |      19 |  22.6
            +---------+---------+-------+---------+---------+-------
        D:1 |      52 |       8 |  13.3 |      32 |       4 |  11.1
        D:2 |     136 |      76 |  35.8 |      21 |      15 |  41.7
        D:3 |      40 |       0 |   0.0 |      12 |       0 |   0.0
            +---------+---------+-------+---------+---------+-------
